[Event "Titled Tuesday Blitz October 18 Late 2022"]
[White "Abdrlauf, Elham"]
[Black "Pham, Khoi"]
[WhiteFideId "1533533"]
[BlackFideId "1054988"]
[WhiteElo "2434"]
[BlackElo "2454"]
[Result "1-0"]
[Round "01"]
[TimeControl "180+1"]
[Date "2022.10.18"]
[WhiteClock "0:01:27"]
[BlackClock "0:00:01"]

1. e4 e6 2. d4 d5 3. Nd2 c5 4. exd5 Qxd5 5. Ngf3 cxd4 6. Bc4 Qd6 7. O-O Nc6 8. Nb3 Nf6 9. Nbxd4 Nxd4 10. Nxd4 a6 11. a4 Qc7 12. b3 Bd6 13. h3 O-O 14. Bb2 b6 15. Qe2 Bb7 16. Rad1 Rfe8 17. Nf3 Nd5 18. Be5 Bxe5 19. Qxe5 Rac8 20. Rfe1 Qxe5 21. Nxe5 Red8 22. Bxd5 Bxd5 23. c4 Bb7 24. Nd7 b5 25. cxb5 axb5 26. Nb6 Rb8 27. a5 b4 28. Rxd8+ Rxd8 29. Rc1 Kf8 30. Rc7 Ba6 31. Ra7 Bb5 32. a6 Rd1+ 33. Kh2 Ra1 34. Ra8+ Ke7 35. a7 Kf6 36. Nc8 Bd7 37. Rb8 Bc6 38. Rxb4 Bd5 39. Rb8 Ra2 40. Kg3 1-0


[Site "https://www.chess.com"]

[Event "Titled Tuesday Blitz October 18 Late 2022"]
[White "Abdyzhapar, Asylbek"]
[Black "Svicevic, Rastko"]
[WhiteFideId "13800337"]
[BlackFideId "916315"]
[WhiteElo "2323"]
[BlackElo "2103"]
[Result "1-0"]
[Round "01"]
[TimeControl "180+1"]
[Date "2022.10.19"]
[WhiteClock "0:02:01"]
[BlackClock "0:01:47"]

1. e4 c6 2. d4 d5 3. exd5 cxd5 4. Bd3 Nc6 5. c3 e6 6. Bf4 Bd6 7. Bg3 Nge7 8. Nd2 O-O 9. Ngf3 f6 10. O-O e5 11. dxe5 fxe5 12. Ng5 e4 13. Ndxe4 dxe4 14. Bc4+ Kh8 15. Bxd6 Bf5 16. Nf7+ Rxf7 17. Bxf7 Qb6 18. Bxe7 Nxe7 19. Bb3 Rd8 20. Qe2 Ng6 21. Rad1 Rf8 22. Qe3 Qc7 23. f4 exf3 24. Qxf3 h6 25. Qe3 Ne5 26. h3 Rf6 27. Rd5 1-0


[Site "https://www.chess.com"]

[Event "Titled Tuesday Blitz October 18 Late 2022"]
[White "Adewumi, Tanitoluwa"]
[Black "Harish, Neeraj"]
[WhiteFideId "30966396"]
[BlackFideId "30958130"]
[WhiteElo "2529"]
[BlackElo "1815"]
[Result "1-0"]
[Round "01"]
[TimeControl "180+1"]
[Date "2022.10.19"]
[WhiteClock "0:00:14"]
[BlackClock "0:00:17"]

1. e4 c5 2. Nf3 Nc6 3. Bb5 g6 4. Bxc6 dxc6 5. d3 Bg7 6. h3 Nf6 7. O-O Nd7 8. Re1 e5 9. Be3 O-O 10. Nbd2 b6 11. a4 a5 12. Nc4 Re8 13. Ng5 h6 14. Nf3 Qc7 15. Qc1 Kh7 16. Nh2 Nf8 17. f4 exf4 18. Bxf4 Qd8 19. Rf1 Ne6 20. Bg3 Ra7 21. Nd6 Ree7 22. Ng4 Nd4 23. Qd1 Be6 24. c3 Bxg4 25. hxg4 Ne6 26. Nf5 Red7 27. Nxg7 Kxg7 28. Be5+ Kh7 29. Rf3 Ng5 30. Re3 Qe7 31. Bg3 Ra8 32. Qe2 Rad8 33. Rf1 Qe6 34. Bf4 Kg7 35. e5 Qd5 36. Bxg5 hxg5 37. e6 Qxe6 38. Rxe6 1-0


[Site "https://www.chess.com"]

[Event "Titled Tuesday Blitz October 18 Late 2022"]
[White "Aghasiyev, Kamal"]
[Black "Gonzalez Vega, Alejandro"]
[WhiteFideId "13402854"]
[BlackFideId "3510042"]
[WhiteElo "2341"]
[BlackElo "2266"]
[Result "1-0"]
[Round "01"]
[TimeControl "180+1"]
[Date "2022.10.19"]
[WhiteClock "0:01:08"]
[BlackClock "0:00:02"]

1. d4 d5 2. c4 e6 3. Nc3 Nf6 4. cxd5 exd5 5. Bg5 Nbd7 6. Qc2 c6 7. e3 Be7 8. Bd3 O-O 9. Nge2 Re8 10. h3 Nf8 11. Bf4 Be6 12. O-O Rc8 13. Rab1 a6 14. b4 b5 15. a4 N8d7 16. a5 Nf8 17. Bh2 Bd6 18. Bxd6 Qxd6 19. Nf4 Bd7 20. Bf5 Ne6 21. Bxe6 fxe6 22. Nd3 Rf8 23. Nc5 Ra8 24. f4 Bc8 25. Rf3 Ra7 26. Rbf1 Raf7 27. g4 Nd7 28. Ne2 Nxc5 29. bxc5 Qc7 30. Qc3 Bd7 31. Nc1 Rb8 32. Nd3 b4 33. Nxb4 Qxa5 34. Nxd5 Qxc3 35. Nxc3 Rb3 36. Na4 Be8 37. Ra1 g5 38. Kg2 gxf4 39. exf4 Rb4 40. Nb6 Rxd4 41. Kg3 Kg7 42. Rxa6 e5 43. fxe5 Re7 44. Rf5 Rd3+ 45. Kh4 Bg6 46. Nc8 Rc7 47. Nd6 Bxf5 48. gxf5 Rd4+ 49. Kg5 h6+ 50. Kh5 Rd5 51. Ne8+ Kf7 52. Nxc7 Rxe5 53. Rxc6 Rxf5+ 54. Kxh6 Rf3 55. h4 Rh3 56. Kg5 Rg3+ 57. Kf4 Rh3 58. Kg4 1-0


[Site "https://www.chess.com"]

[Event "Titled Tuesday Blitz October 18 Late 2022"]
[White "Al Hosani, Omran"]
[Black "Aqib Javaid Butt"]
[WhiteFideId "9308733"]
[BlackFideId "7801262"]
[WhiteElo "2167"]
[BlackElo "1659"]
[Result "1-0"]
[Round "01"]
[TimeControl "180+1"]
[Date "2022.10.19"]
[WhiteClock "0:01:58"]
[BlackClock "0:00:59"]

1. e4 c6 2. d4 d5 3. e5 Bf5 4. Bd3 Bxd3 5. Qxd3 e6 6. Nf3 Qa5+ 7. Nbd2 Qa6 8. c4 Nd7 9. O-O Ne7 10. b3 Nf5 11. Bb2 Be7 12. Rfc1 Nb6 13. Ne1 O-O 14. c5 Qxd3 15. Nxd3 Nd7 16. g3 h5 17. b4 a6 18. a4 g6 19. Nb3 Bd8 20. Bc3 Bc7 21. Rcb1 Kg7 22. Rb2 h4 23. Na5 hxg3 24. hxg3 Rab8 25. b5 axb5 26. axb5 Bxa5 27. Rxa5 b6 28. Ra6 bxc5 29. bxc6 cxd4 30. Bb4 Rb6 31. Bxf8+ Kxf8 32. cxd7 Rxa6 33. d8=Q+ 1-0


[Site "https://www.chess.com"]

[Event "Titled Tuesday Blitz October 18 Late 2022"]
[White "Al-Tarboush, Ward"]
[Black "Tarnowska, Aleksandra"]
[WhiteFideId "7601450"]
[BlackFideId "1180967"]
[WhiteElo "2269"]
[BlackElo "1776"]
[Result "1-0"]
[Round "01"]
[TimeControl "180+1"]
[Date "2022.10.19"]
[WhiteClock "0:00:43"]
[BlackClock "0:00:05"]

1. e4 c5 2. Nf3 e6 3. d4 cxd4 4. Nxd4 a6 5. Bd3 Bc5 6. Nb3 Be7 7. Qg4 g6 8. Qe2 d6 9. Be3 Nd7 10. Na3 Qc7 11. Nc4 b5 12. Ncd2 Bb7 13. a4 b4 14. a5 d5 15. O-O h5 16. exd5 Bxd5 17. Be4 Ngf6 18. Bf3 Ne5 19. Bxd5 Nxd5 20. Bd4 Ng4 21. Nf3 O-O 22. h3 Ngf6 23. Ne5 Nh7 24. Nxg6 fxg6 25. Qxe6+ Rf7 26. Qxd5 Rd8 27. Qe4 Qd6 28. Be5 Qe6 29. Nd4 Qd5 30. Qxg6+ Kf8 31. Ne6+ Ke8 32. Nc7+ Kd7 33. Nxd5 1-0


[Site "https://www.chess.com"]

[Event "Titled Tuesday Blitz October 18 Late 2022"]
[White "Alexikov, Alexander"]
[Black "Jaracz, Pawel"]
[WhiteFideId "14103958"]
[BlackFideId "1102222"]
[WhiteElo "2222"]
[BlackElo "2459"]
[Result "0-1"]
[Round "01"]
[TimeControl "180+1"]
[Date "2022.10.19"]
[WhiteClock "0:00:51"]
[BlackClock "0:01:15"]

1. e4 e6 2. d4 d5 3. Nc3 Nf6 4. Bg5 Be7 5. e5 Nfd7 6. Bxe7 Qxe7 7. Nf3 a6 8. Qd2 c5 9. dxc5 Nc6 10. Qf4 Qxc5 11. Bd3 h6 12. O-O O-O 13. a3 b5 14. Rfe1 Bb7 15. Rad1 b4 16. Nb1 a5 17. a4 Ba6 18. Nbd2 Qe7 19. Nb3 Nc5 20. Nbd4 Nxd4 21. Nxd4 Nxd3 22. cxd3 Rfc8 23. Re3 Qg5 24. Qf3 Rc7 25. Qh3 Rac8 26. Nxe6 Rc1 27. Ree1 Rxd1 28. Rxd1 Rc1 0-1


[Site "https://www.chess.com"]

[Event "Titled Tuesday Blitz October 18 Late 2022"]
[White "Alfaro, William"]
[Black "Mihajlov, Sebastian"]
[WhiteFideId "6100457"]
[BlackFideId "1512110"]
[WhiteElo "2096"]
[BlackElo "2464"]
[Result "0-1"]
[Round "01"]
[TimeControl "180+1"]
[Date "2022.10.19"]
[WhiteClock "0:00:37"]
[BlackClock "0:00:38"]

1. Nf3 Nf6 2. g3 b6 3. Bg2 Bb7 4. d3 c5 5. e4 Nc6 6. O-O Qc7 7. Nbd2 h6 8. Nc4 d6 9. Re1 e5 10. Bh3 Be7 11. Ne3 g6 12. c3 Nd8 13. Nh4 b5 14. a4 a6 15. axb5 axb5 16. Rxa8 Bxa8 17. Qb3 Bc6 18. Bd2 c4 19. dxc4 Nxe4 20. Bc1 Bxh4 21. gxh4 Nc5 22. Qc2 Be4 23. Nd5 Bxd5 24. cxd5 Qe7 25. b4 Qxh4 26. Bg2 Na4 27. Bd2 O-O 28. f4 exf4 29. Qe4 Nb2 30. Rf1 g5 31. Bf3 Nc4 32. Be1 Qh3 33. Bf2 Nd2 34. Bg2 Qxc3 35. Qe1 Qd3 36. Qd1 f3 37. Bh3 g4 38. Bxg4 Qxf1+ 39. Qxf1 Nxf1 40. Kxf1 f5 41. Bxf3 Nf7 42. Bg3 Ne5 43. Be2 f4 44. Bf2 Nc4 45. Bd4 f3 46. Bd3 Rf4 47. Bf2 Ne5 48. Bxb5 Rxb4 49. Ba6 Rb1+ 50. Be1 Ng4 51. h3 f2 0-1


[Site "https://www.chess.com"]

[Event "Titled Tuesday Blitz October 18 Late 2022"]
[White "Almedina Ortiz, Edgardo J."]
[Black "Noboa Silva, Kevin"]
[WhiteFideId "3100197"]
[BlackFideId "3618471"]
[WhiteElo "2217"]
[BlackElo "2178"]
[Result "0-1"]
[Round "01"]
[TimeControl "180+1"]
[Date "2022.10.19"]
[WhiteClock "0:01:59"]
[BlackClock "0:01:54"]

1. e4 e5 2. Nf3 Nf6 3. d4 Nxe4 4. Bd3 d5 5. dxe5 Be7 6. O-O O-O 7. c4 c6 8. cxd5 cxd5 9. Nc3 Nxc3 10. bxc3 Nc6 11. h3 Be6 12. Rb1 Qd7 13. Bf4 Rfd8 14. Nd4 Rac8 15. Qd2 Nxd4 16. cxd4 b6 17. Rfc1 Ba3 18. Rxc8 Rxc8 19. Bxh7+ Kxh7 20. Qd3+ Bf5 0-1


[Site "https://www.chess.com"]

[Event "Titled Tuesday Blitz October 18 Late 2022"]
[White "Ankerst, Mihael"]
[Black "Martinovici, Ilia"]
[WhiteFideId "14602369"]
[BlackFideId "13907034"]
[WhiteElo "2282"]
[BlackElo "2306"]
[Result "1-0"]
[Round "01"]
[TimeControl "180+1"]
[Date "2022.10.19"]
[WhiteClock "0:01:08"]
[BlackClock "0:00:51"]

1. e4 c6 2. d4 d5 3. e5 Bf5 4. Nf3 h6 5. Be2 e6 6. O-O c5 7. Be3 Nc6 8. c4 dxc4 9. dxc5 Qd5 10. Qa4 Bd3 11. Rd1 Bxe2 12. Rxd5 exd5 13. Nd4 O-O-O 14. Nxe2 d4 15. Bf4 d3 16. Nec3 Nge7 17. Qxc4 Rd4 18. Qxf7 Nd8 19. Qe8 Rxf4 20. Nb5 Nf5 21. e6 Rxf2 22. Qd7+ 1-0


[Site "https://www.chess.com"]

[Event "Titled Tuesday Blitz October 18 Late 2022"]
[White "Babazada, Khazar"]
[Black "Milosevic, Milos"]
[WhiteFideId "13413554"]
[BlackFideId "964875"]
[WhiteElo "2367"]
[BlackElo "2321"]
[Result "0-1"]
[Round "01"]
[TimeControl "180+1"]
[Date "2022.10.19"]
[WhiteClock "0:00:21"]
[BlackClock "0:00:05"]

1. Nf3 Nf6 2. g3 g6 3. Bg2 Bg7 4. O-O O-O 5. c4 c5 6. Nc3 Nc6 7. d3 d6 8. a3 Rb8 9. Bd2 a6 10. Rb1 b5 11. cxb5 axb5 12. b4 cxb4 13. axb4 d5 14. Bf4 Rb7 15. Ne5 Qb6 16. Rc1 Nxe5 17. Bxe5 e6 18. Ra1 Bd7 19. Ra5 Nh5 20. Bxg7 Nxg7 21. Qa1 Nf5 22. Bxd5 exd5 23. Nxd5 Qd4 24. e4 Qxa1 25. Rfxa1 Nd4 26. Ra7 Bc6 27. Ne7+ Rxe7 28. Rxe7 f5 29. Raa7 Rd8 30. Rg7+ Kf8 31. Rxh7 Kg8 32. Rag7+ Kf8 33. Rxg6 Be8 34. Rg5 Nf3+ 35. Kg2 Nxg5 36. Rc7 fxe4 37. dxe4 Nxe4 38. h4 Rd2 39. Kf3 Nxf2 40. g4 Nd3 41. g5 Nxb4 42. Ke4 Nd5 43. Rc5 b4 44. Rc8 b3 45. Rb8 b2 46. g6 b1=Q+ 47. Rxb1 Bxg6+ 0-1


[Site "https://www.chess.com"]

[Event "Titled Tuesday Blitz October 18 Late 2022"]
[White "Bach, Matthias"]
[Black "Amburgy, Ryan"]
[WhiteFideId "4603168"]
[BlackFideId "30924820"]
[WhiteElo "2165"]
[BlackElo "2121"]
[Result "0-1"]
[Round "01"]
[TimeControl "180+1"]
[Date "2022.10.19"]
[WhiteClock "0:00:21"]
[BlackClock "0:00:41"]

1. d4 Nf6 2. c4 e6 3. Nc3 Bb4 4. Bg5 O-O 5. e3 b6 6. Nf3 Bb7 7. Bd3 d6 8. O-O Bxc3 9. bxc3 Nbd7 10. Nd2 h6 11. Bh4 e5 12. f4 exd4 13. exd4 Re8 14. Qc2 Re7 15. Rae1 Rxe1 16. Rxe1 Qf8 17. Ne4 Re8 18. Nxf6+ Nxf6 19. Rxe8 Qxe8 20. Bxf6 Qe3+ 21. Kf1 Qxf4+ 22. Qf2 Qc1+ 23. Ke2 Qb2+ 24. Ke3 Qxf2+ 25. Kxf2 gxf6 26. g3 Kf8 27. Ke3 Ke7 28. Kf4 a5 29. a3 Ba6 30. Ke4 c6 31. d5 cxd5+ 32. Kxd5 Bb7+ 33. Kd4 Ke6 34. Be4 Bxe4 35. Kxe4 f5+ 36. Kf4 a4 37. h3 Kf6 38. h4 h5 39. Kf3 Ke5 40. Ke3 f6 41. Kf3 f4 42. g4 hxg4+ 43. Kxg4 Ke4 44. Kh3 f3 45. h5 Ke3 46. h6 f2 0-1


[Site "https://www.chess.com"]

[Event "Titled Tuesday Blitz October 18 Late 2022"]
[White "Barria Zuniga, Daniel"]
[Black "Lopez Del Alamo, Antonio"]
[WhiteFideId "3400816"]
[BlackFideId "2227339"]
[WhiteElo "2414"]
[BlackElo "2175"]
[Result "1-0"]
[Round "01"]
[TimeControl "180+1"]
[Date "2022.10.19"]
[WhiteClock "0:00:41"]
[BlackClock "0:00:11"]

1. d4 Nf6 2. c4 g6 3. Nc3 Bg7 4. e4 d6 5. Be2 O-O 6. Nf3 Na6 7. Be3 e5 8. d5 Ng4 9. Bg5 f6 10. Bh4 g5 11. Bg3 Nh6 12. Nd2 Nc5 13. b4 Nd7 14. O-O f5 15. f3 f4 16. Bf2 Nf6 17. c5 g4 18. Kh1 g3 19. Bg1 Nh5 20. Nc4 Qh4 21. Bd3 Rf6 22. a4 Rg6 23. Ra2 gxh2 24. Bf2 Ng3+ 25. Bxg3 Rxg3 26. cxd6 cxd6 27. Nxd6 Qg5 28. Nxc8 Rxc8 29. Nb5 Bf8 30. d6 a6 31. Nc7 Kh8 32. Ne6 Qg6 33. d7 Qxe6 34. dxc8=Q Qxc8 35. Rc2 Qe8 36. Qc1 Nf7 37. Rc8 Nd8 38. Bxa6 bxa6 39. Rd1 Be7 40. Qc7 Rxg2 41. Rdxd8 Bxd8 42. Rxd8 1-0


[Site "https://www.chess.com"]

[Event "Titled Tuesday Blitz October 18 Late 2022"]
[White "Baskakov, Egor"]
[Black "Zhukov, Maksim"]
[WhiteFideId "24197866"]
[BlackFideId "34181790"]
[WhiteElo "2211"]
[BlackElo "1929"]
[Result "1-0"]
[Round "01"]
[TimeControl "180+1"]
[Date "2022.10.19"]
[WhiteClock "0:01:41"]
[BlackClock "0:01:13"]

1. e4 d5 2. exd5 Nf6 3. Nf3 Nxd5 4. d4 Bg4 5. Be2 e6 6. O-O Be7 7. c4 Nb6 8. b3 O-O 9. Be3 Nc6 10. Nc3 Qd7 11. Qd2 Bf5 12. Rad1 Bf6 13. d5 exd5 14. Nxd5 Nxd5 15. cxd5 Ne5 16. Nxe5 Bxe5 17. Bf4 Bxf4 18. Qxf4 Rad8 19. Bf3 Bg6 20. d6 cxd6 21. Rd4 Qc7 22. Rfd1 b6 23. h4 h6 24. h5 Bh7 25. Rxd6 Rxd6 26. Qxd6 Qc2 27. Rd2 Qc1+ 28. Kh2 Re8 29. g3 Qe1 30. Qf4 Bb1 31. Bc6 Re2 32. Rxe2 Qxe2 33. g4 Qxa2 34. Bd5 1-0


[Site "https://www.chess.com"]

[Event "Titled Tuesday Blitz October 18 Late 2022"]
[White "Bayo Milagro, Alvaro"]
[Black "Bernat, David"]
[WhiteFideId "22275240"]
[BlackFideId "2099225"]
[WhiteElo "2270"]
[BlackElo "2282"]
[Result "1-0"]
[Round "01"]
[TimeControl "180+1"]
[Date "2022.10.19"]
[WhiteClock "0:00:08"]
[BlackClock "0:00:06"]

1. e4 c5 2. Nf3 g6 3. d4 cxd4 4. Qxd4 Nf6 5. Nc3 Nc6 6. Qa4 d6 7. e5 dxe5 8. Nxe5 Bg7 9. Nxc6 bxc6 10. Qxc6+ Bd7 11. Qf3 O-O 12. Bd3 Rb8 13. O-O Qa5 14. Rb1 Be6 15. Bd2 Rfd8 16. a3 Nd5 17. Nxd5 Qxd5 18. Qxd5 Bxd5 19. b4 Rbc8 20. Rfe1 Bc4 21. Bxc4 Rxc4 22. Bg5 Rxc2 23. Bxe7 Rdd2 24. Bc5 Bb2 25. a4 Bd4 26. Bxd4 Rxd4 27. Rec1 Ra2 28. a5 Ra4 29. g3 Rdxb4 30. Rxb4 Rxb4 31. Rc7 a6 32. Rc6 Ra4 33. Rxa6 Kg7 34. Kg2 h5 35. h3 Ra2 36. Ra7 Kf6 37. a6 Kg7 38. g4 h4 39. g5 Ra5 40. f4 Ra3 41. Ra8 Kh7 42. a7 Kg7 43. Kf2 Ra2+ 44. Ke3 Ra3+ 45. Ke4 Ra4+ 46. Ke5 Ra3 47. f5 gxf5 48. Kxf5 Ra4 49. Ke5 Ra5+ 50. Kf4 Ra4+ 51. Kf5 Ra5+ 52. Kg4 Ra4+ 53. Kh5 Kh7 54. Re8 Rxa7 55. Kxh4 Kg7 56. Kh5 Ra5 57. h4 Ra4 58. Re7 Rd4 59. Ra7 Rc4 60. Ra2 Rd4 61. Rf2 Rc4 62. Rg2 Rd4 63. Rg4 Rd5 64. Ra4 Rc5 65. Kg4 Rd5 66. h5 Re5 67. Rf4 Re1 68. h6+ Kg6 69. Rf6+ Kh7 70. Rxf7+ Kg8 71. Ra7 Rg1+ 72. Kh5 Rh1+ 73. Kg6 Kf8 74. Ra8+ Ke7 75. h7 1-0


[Site "https://www.chess.com"]

[Event "Titled Tuesday Blitz October 18 Late 2022"]
[White "Bellissimo, Joseph F."]
[Black "Burke, Paul"]
[WhiteFideId "2609843"]
[BlackFideId "2605767"]
[WhiteElo "2103"]
[BlackElo "1876"]
[Result "1-0"]
[Round "01"]
[TimeControl "180+1"]
[Date "2022.10.19"]
[WhiteClock "0:01:41"]
[BlackClock "0:00:12"]

1. e4 e5 2. Nf3 Nc6 3. Bc4 Be7 4. d4 exd4 5. Nxd4 d6 6. c3 Nf6 7. Nd2 O-O 8. O-O Nxe4 9. Nxe4 d5 10. Bd3 dxe4 11. Bxe4 Nxd4 12. cxd4 Bf6 13. Be3 c6 14. Qd3 h6 15. Rad1 Be6 16. b3 Bd5 17. Bf5 g6 18. Bg4 Bg7 19. Bf4 f5 20. Bf3 Bxf3 21. Qxf3 Qa5 22. d5 cxd5 23. Rxd5 Qxa2 24. Rd7 g5 25. Qxb7 Qb2 26. Bc1 Qe5 27. Ba3 Rfd8 28. Rfd1 Rxd7 29. Qxd7 Re8 30. h3 Qe6 31. Qb7 Qe2 32. Qd5+ 1-0


[Site "https://www.chess.com"]

[Event "Titled Tuesday Blitz October 18 Late 2022"]
[White "Bilych, Olexiy"]
[Black "Aguilar, Juan"]
[WhiteFideId "14156504"]
[BlackFideId "3800091"]
[WhiteElo "2320"]
[BlackElo "2439"]
[Result "1/2-1/2"]
[Round "01"]
[TimeControl "180+1"]
[Date "2022.10.19"]
[WhiteClock "0:00:02"]
[BlackClock "0:00:06"]

1. e4 c5 2. Nf3 d6 3. Bb5+ Bd7 4. Bxd7+ Qxd7 5. O-O Nc6 6. c3 Nf6 7. Re1 e6 8. d4 cxd4 9. cxd4 d5 10. e5 Ne4 11. Nbd2 Nxd2 12. Bxd2 Bb4 13. Rc1 Bxd2 14. Qxd2 O-O 15. h4 Rfc8 16. h5 h6 17. Rc3 Ne7 18. Rec1 Rxc3 19. Rxc3 Rc8 20. Qc1 Rxc3 21. Qxc3 Qc6 22. Qxc6 Nxc6 23. Kf1 Kf8 24. Ke2 Ke7 25. g4 f6 26. exf6+ gxf6 27. Ke3 e5 28. dxe5 fxe5 29. Nh4 Kf6 30. f4 exf4+ 31. Kxf4 Nb4 32. Nf5 Nd3+ 33. Ke3 Nxb2 34. Nxh6 Kg5 35. Nf7+ Kf6 36. Nd8 Nc4+ 37. Kd4 b5 38. h6 Kg6 39. g5 a5 40. Ne6 Nd6 41. Kxd5 Nf7 42. Kc5 Kf5 43. Kd5 b4 44. h7 a4 45. Kc4 b3 46. axb3 axb3 47. Kxb3 Kg6 48. Nf8+ Kxg5 49. Nd7 Kh6 50. Ne5 Nh8 51. Kc4 Kxh7 1/2-1/2


[Site "https://www.chess.com"]

[Event "Titled Tuesday Blitz October 18 Late 2022"]
[White "Bochnicka, Vladimir"]
[Black "Mikhailov, Viacheslav"]
[WhiteFideId "14943450"]
[BlackFideId "4187369"]
[WhiteElo "2239"]
[BlackElo "2381"]
[Result "0-1"]
[Round "01"]
[TimeControl "180+1"]
[Date "2022.10.19"]
[WhiteClock "0:00:24"]
[BlackClock "0:00:15"]

1. e4 d6 2. d4 Nf6 3. Nc3 g6 4. Be3 Bg7 5. h3 O-O 6. Qd2 e5 7. Nf3 exd4 8. Nxd4 Nc6 9. O-O-O Re8 10. f3 d5 11. Bg5 Nxd4 12. Qxd4 Nxe4 13. Bxd8 Bxd4 14. Nxd5 Nf2 15. Rxd4 Re1+ 16. Kd2 Rd1+ 17. Ke3 Rxd4 18. Kxd4 Nxh1 19. Bh4 c6 20. Nf6+ Kg7 21. Ne8+ Kf8 22. Nd6 Be6 23. Nxb7 Rb8 24. Ba6 Bc8 25. Nc5 Bxa6 26. Nxa6 Rxb2 27. c4 Rxa2 28. Nb4 Rxg2 29. Nxc6 Ng3 30. Bxg3 Rxg3 31. Nxa7 Rxh3 32. c5 Ke7 33. Ke4 h5 34. c6 Kd6 35. Nb5+ Kxc6 36. Nd4+ Kd6 37. Ne2 Rh2 38. Nf4 Rh4 39. Ke3 Rxf4 40. Kxf4 f6 41. Ke4 Ke6 42. Kf4 g5+ 43. Ke4 f5+ 44. Ke3 Ke5 45. Kf2 Kf4 46. Kg2 h4 47. Kf2 h3 48. Kg1 Kxf3 49. Kh2 Kg4 50. Kg1 Kg3 51. Kh1 f4 52. Kg1 f3 53. Kf1 h2 54. Ke1 h1=Q+ 55. Kd2 f2 56. Kc3 f1=Q 57. Kb4 Qe4+ 0-1


[Site "https://www.chess.com"]

[Event "Titled Tuesday Blitz October 18 Late 2022"]
[White "Bok, Benjamin"]
[Black "Tan, Ralph"]
[WhiteFideId "1017063"]
[BlackFideId "30966590"]
[WhiteElo "2658"]
[BlackElo "2059"]
[Result "1-0"]
[Round "01"]
[TimeControl "180+1"]
[Date "2022.10.18"]
[WhiteClock "0:00:07"]
[BlackClock "0:00:15"]

1. d4 Nf6 2. c4 g6 3. g3 c6 4. Nf3 Bg7 5. Bg2 O-O 6. O-O d5 7. b3 Bf5 8. Bb2 Nbd7 9. e3 Rc8 10. Qe2 Re8 11. Rd1 Ne4 12. Nc3 Nxc3 13. Bxc3 Be4 14. Bf1 a6 15. Rac1 b5 16. Nd2 Bf5 17. Bg2 Be6 18. e4 bxc4 19. bxc4 dxe4 20. Nxe4 Qc7 21. h3 c5 22. d5 Bf5 23. Bxg7 Kxg7 24. d6 Qb6 25. Rb1 Qa5 26. dxe7 Bxe4 27. Qxe4 Nf6 28. Qe5 Qc7 29. Rd6 Qxe7 30. Qxe7 Rxe7 31. Rxa6 Re2 32. Ra7 Rf8 33. a4 Rc2 34. Bd5 Nxd5 35. cxd5 Rd2 36. Rd7 c4 37. Rc1 Rc8 38. d6 Rd3 39. Rc7 Rd8 40. R1xc4 R3xd6 41. Rf4 R6d7 42. Rxd7 Rxd7 43. Kg2 Ra7 44. Kf3 h5 45. h4 Kf8 46. Ke3 Ra5 47. Re4 Kg7 48. Kd3 Kf6 49. Kc3 Kf5 50. Rf4+ Ke6 51. Kb4 Ra6 52. a5 f6 53. Kb5 Ra8 54. a6 g5 55. Rc4 Kf5 56. Kb6 Rb8+ 57. Kc7 Rb1 58. a7 Ra1 59. Kb6 Rb1+ 60. Ka5 gxh4 61. gxh4 Ra1+ 62. Ra4 Re1 63. a8=Q Re5+ 64. Kb4 Re4+ 65. Qxe4+ Kxe4 66. Kc3+ Kf3 67. Kd2 Kxf2 68. Rf4+ Kg3 69. Ke3 f5 70. Rxf5 Kxh4 71. Kf3 Kh3 72. Rxh5# 1-0


[Site "https://www.chess.com"]

[Event "Titled Tuesday Blitz October 18 Late 2022"]
[White "Bordi, Kevin"]
[Black "Baches Garcia, Guillermo"]
[WhiteFideId "621862"]
[BlackFideId "2209764"]
[WhiteElo "2786"]
[BlackElo "2432"]
[Result "1-0"]
[Round "01"]
[TimeControl "180+1"]
[Date "2022.10.19"]
[WhiteClock "0:02:18"]
[BlackClock "0:02:08"]

1. e4 c5 2. Nf3 d6 3. d4 cxd4 4. Nxd4 Nf6 5. Nc3 Nc6 6. Bc4 Bd7 7. Bb3 g6 8. g4 Nxg4 9. f3 Nxd4 10. Qxd4 e5 11. Qg1 Nf6 12. Bg5 Be7 13. O-O-O O-O 14. h4 h5 15. Bxf6 Bxf6 16. Qxg6+ Bg7 17. Rhg1 1-0


[Site "https://www.chess.com"]

[Event "Titled Tuesday Blitz October 18 Late 2022"]
[White "Bortnyk, Mykola"]
[Black "Bilan, Danila"]
[WhiteFideId "14120836"]
[BlackFideId "24161918"]
[WhiteElo "2582"]
[BlackElo "2203"]
[Result "1-0"]
[Round "01"]
[TimeControl "180+1"]
[Date "2022.10.18"]
[WhiteClock "0:01:29"]
[BlackClock "0:00:16"]

1. e4 c6 2. d4 d5 3. Nc3 b5 4. a3 e6 5. e5 b4 6. axb4 Bxb4 7. Qg4 Ne7 8. Qxg7 Rg8 9. Qxh7 c5 10. Nf3 Nbc6 11. Bb5 Qb6 12. Bxc6+ Qxc6 13. O-O Ba6 14. Rd1 Bxc3 15. bxc3 Be2 16. Ng5 Bxd1 17. Qxf7+ Kd7 18. Nh7 Rge8 19. Nf6+ Kd8 20. Bg5 Bxc2 21. Nxe8 Qxe8 22. Qxe6 Bb3 23. Qd6+ Kc8 24. Bxe7 Kb7 25. Qxc5 Rc8 26. Qb4+ Ka8 27. Qxb3 Qxe7 28. Qxd5+ Kb8 29. Rb1+ 1-0


[Site "https://www.chess.com"]

[Event "Titled Tuesday Blitz October 18 Late 2022"]
[White "Bulgurlu, Okan"]
[Black "Ozdemir, Serhan Berat"]
[WhiteFideId "6352316"]
[BlackFideId "6374611"]
[WhiteElo "2157"]
[BlackElo "2016"]
[Result "0-1"]
[Round "01"]
[TimeControl "180+1"]
[Date "2022.10.19"]
[WhiteClock "0:00:55"]
[BlackClock "0:00:18"]

1. e4 c5 2. Nf3 e6 3. d4 cxd4 4. Nxd4 Nf6 5. Nc3 Nc6 6. Be2 Bb4 7. Bf3 O-O 8. O-O Ne5 9. Bf4 Nxf3+ 10. Nxf3 Bxc3 11. bxc3 Nxe4 12. Qd4 d5 13. c4 Qb6 14. Qxb6 axb6 15. cxd5 exd5 16. Rfd1 Be6 17. Bc7 Rfc8 18. Bxb6 Rxc2 19. Nd4 Rcxa2 20. Rxa2 Rxa2 21. f3 Nd6 22. Bc5 Nc4 23. Rb1 Rb2 24. Ra1 h6 25. Ra8+ Kh7 26. Re8 b6 27. Nxe6 fxe6 28. Bf8 Ne3 29. g3 Rg2+ 30. Kh1 Re2 31. Kg1 Nf5 32. Rb8 d4 33. Rxb6 d3 34. Kf1 Ne3+ 35. Kg1 d2 36. Rd6 Nd5 0-1


[Site "https://www.chess.com"]

[Event "Titled Tuesday Blitz October 18 Late 2022"]
[White "Can, Melih Kaan"]
[Black "Gabrielian, Artur"]
[WhiteFideId "6317383"]
[BlackFideId "4131002"]
[WhiteElo "2029"]
[BlackElo "2432"]
[Result "0-1"]
[Round "01"]
[TimeControl "180+1"]
[Date "2022.10.19"]
[WhiteClock "0:00:02"]
[BlackClock "0:00:32"]

1. e4 c5 2. Nf3 d6 3. c3 Nf6 4. h3 g6 5. Bd3 Bg7 6. Bc2 O-O 7. O-O e5 8. d4 cxd4 9. cxd4 exd4 10. Nxd4 d5 11. e5 Ne4 12. Bf4 Qb6 13. Nc3 Nxc3 14. bxc3 Nc6 15. Re1 Be6 16. Rb1 Qc7 17. Qe2 a6 18. Bd3 Rac8 19. Qe3 Rfe8 20. Nf3 b5 21. Bh6 Qa7 22. Qg5 Qe7 23. Qf4 Na5 24. Bxg7 Kxg7 25. Rec1 Nc4 26. Nd4 Bd7 27. Bxc4 Rxc4 28. Re1 Be6 29. Qd2 Rec8 30. Re3 Qc7 31. Rc1 b4 32. Nxe6+ fxe6 33. Rg3 Qxe5 34. Re3 Qf6 35. Qe2 R4c6 36. c4 dxc4 37. Rd1 R8c7 38. g3 c3 39. Qc2 Qf5 40. Qb3 Rf7 0-1


[Site "https://www.chess.com"]